 Dungeon Crawl Stone Soup version 0.23-a0-629-gae4348f6cf (webtiles) character file.

34 GordonOverkill the Ducker (level 3, 0/29 HPs)
             Began as a Demigod Wanderer on Dec 25, 2018.
             Slain by a river rat (4 damage)
             ... on level 4 of the Dungeon.
             The game lasted 00:02:55 (1381 turns).

GordonOverkill the Ducker (Demigod Wanderer)        Turns: 1381, Time: 00:02:55

Health: 0/29       AC:  4    Str: 19 (20) XL:     3   Next: 1%
Magic:  6/6        EV: 12    Int: 13 (14) God:
Gold:   78         SH:  4    Dex: 14 (16) Spells: 4/4 levels left

rFire    . . .     SeeInvis .   c - +1 quarterstaff
rCold    . . .     Gourm    .   (shield currently unavailable)
rNeg     . . .     Faith    .   d - +0 robe
rPois    .         Spirit   .   (no helmet)
rElec    .         Reflect  .   (no cloak)
rCorr    .         Harm     .   k - +0 pair of gloves
MR       .....                  (no boots)
Stlth    ++........             (no amulet)
HPRegen  0.09/turn              (no ring)
MPRegen  0.10/turn              (no ring)

@: no status effects
A: claws 1, large bone plates 1, thin skeletal structure 1, high mp 1, shaggy
fur 1
a: no special abilities


You were on level 4 of the Dungeon.
You were not hungry.

You visited 1 branch of the dungeon, and saw 3 of its levels.
You also visited: Sewer.

You collected 78 gold pieces.

Inventory:

Hand Weapons
 a - a +1 hand axe of draining
 c - a +1 quarterstaff (weapon)
Armour
 d - a +0 robe (worn)
 k - a +0 pair of gloves (worn)
Potions
 b - a potion of berserk rage {unknown}
Comestibles
 f - 2 rations
 h - 2 chunks of flesh


   Skills:
 + Level 2.1 Fighting
 - Level 1.0 Staves
 + Level 2.1 Dodging
   Level 1.0 Shields
 - Level 1.0 Spellcasting
   Level 1.7 Charms
   Level 1.7 Transmutations
   Level 1.0 Evocations


You had 4 spell levels left.
You didn't know any spells.
Your spell library contained the following spells:

 Spells                   Type           Power        Failure   Level  Hunger
 Infusion                 Chrm           #...         14%         1    ##.....
 Song of Slaying          Chrm           #.......     21%         2    ###....
 Sting                    Conj/Pois      #...         28%         1    ##.....
 Shroud of Golubria       Chrm/Tloc      #.........   30%         2    ###....
 Regeneration             Chrm/Necr      #.........   52%         3    ####...
 Spectral Weapon          Hex/Chrm       #.......     52%         3    ####...
 Mephitic Cloud           Conj/Pois/Air  #.......     63%         3    ####...


Dungeon Overview and Level Annotations

Branches:
Dungeon (2/15)

Annotations:
D:4 Purgy


Innate Abilities, Weirdness & Mutations

You have an increased reservoir of magic. (+10% MP)
You have sharp fingernails.
You are partially covered in large bone plates. (SH +4)
You have a somewhat thin skeletal structure. (Dex +2, Stealth)
You are covered in fur. (AC +1)


Message History

Found a gate leading back out of this place.
Found a lumpy red potion.
You feel yourself slow down.
There is a gate leading back out of this place here.
You see here a lumpy red potion.
b - a lumpy red potion Purgy misses you.
Purgy claws you but does no damage. Purgy barely misses you.
There is a gate leading back out of this place here.
Purgy misses you. Purgy claws you.
* * * LOW HITPOINT WARNING * * *
Purgy claws you.
* * * LOW HITPOINT WARNING * * *
Welcome back to the Dungeon!
The river rat barely misses you.
There is a collapsed entrance here.
You enter the shallow water.
Moving in this stuff is going to be slow.
The river rat barely misses you. You block the river rat's attack.
You block Purgy's attack. Purgy closely misses you. Purgy barely misses you.
The river rat bites you.
You die...

########
#.......######
#.≈.=........#
#..##≈≈≈≈≈##@#
#..##≈≈≈≈≈##r#
#..≈≈.....≈≈T#
#..≈≈.....≈≈.#
#....%....≈≈.#
##..≈≈.....≈≈.#
#...≈≈.....≈≈.#
#...##≈≈≈≈≈##≈#
##..≈##≈≈≈≈≈##.#


You could see Purgy and a river rat.

Vanquished Creatures
  An ooze (D:1)
  A dart slug (D:1)
  3 giant cockroaches
  3 goblins
  4 hobgoblins (D:1)
  A quokka (D:2)
  10 bats
  2 kobolds (D:1)
  A rat (D:1)
26 creatures vanquished.

Notes
Turn   | Place    | Note
-------+----------+-------------------------------------------
     0 | D:1      | GordonOverkill the Demigod Wanderer began the quest for the
                  | Orb.
     0 | D:1      | GordonOverkill set off with the following items: a +0
                  | quarterstaff, a +0 robe, a ration; and the following spells
                  | available to memorise: Infusion, Song of Slaying, Sting,
                  | Shroud of Golubria, Regeneration, Spectral Weapon, Mephitic
                  | Cloud
     0 | D:1      | Reached XP level 1. HP: 16/16 MP: 4/4
   653 | D:1      | Reached XP level 2. HP: 20/24 MP: 5/5
  1151 | D:2      | You fall through a shaft for 2 floors!
  1151 | D:4      | Found a glowing drain.
  1175 | Sewer    | Entered a sewer
  1193 | Sewer    | Reached XP level 3. HP: 25/29 MP: 6/6
  1281 | Sewer    | Noticed Purgy
  1307 | Sewer    | Gained mutation: You have sharp fingernails. [potion of
                  | mutation]
  1307 | Sewer    | Gained mutation: You are partially covered in large bone
                  | plates. (SH +4) [potion of mutation]
  1307 | Sewer    | Gained mutation: You are covered in fur. (AC +1) [potion of
                  | mutation]
  1307 | Sewer    | Gained mutation: You have a somewhat thin skeletal
                  | structure. (Dex +2, Stealth) [potion of mutation]
  1381 | D:4      | Slain by a river rat

Vault maps used:
D:1:      dpeg_arrival_concentric_ovals
D:2:      first_ration, chequers_avenue, hangedman_abyss_or_decor_stabs
D:4:      kiku_gazebo_pond_becter, gammafunk_temple_overflow_statue,
          cheibrodos_sewer_entry_sluice
Sewer:    sewer_big_baddie

Skill      XL: |  1  2 |
---------------+-------+-----
Fighting       | 2 |  2.1
Dodging        | 2 |  2.1
Staves         | |  1.0
Shields        | |  1.0
Spellcasting   | |  1.0
Charms         | |  1.7
Transmutations | |  1.7
Evocations     | |  1.0

Action                   || total
-------------------------++-------
Melee: Quarterstaff      ||    71
  Use: Scroll            ||     5
       Potion            ||     3
 Stab: Sleeping          ||     1
  Eat: Chunk             ||     1
Armor: Robe              ||    31
Dodge: Dodged            ||    87
Block: Other             ||     4

Table legend:
 A = Non-vault XP
 B = Vault XP
 C = Vault XP percentage of total XP
 D = Non-vault monster count
 E = Vault monster count
 F = Vault count percentage of total count
                 A         B        C        D         E       F
            +---------+---------+-------+---------+---------+-------
      Total |      40 |       9 |  18.4 |      19 |       7 |  26.9
            +---------+---------+-------+---------+---------+-------
        D:1 |      34 |       0 |   0.0 |      16 |       0 |   0.0
        D:2 |       6 |       0 |   0.0 |       3 |       0 |   0.0
        D:4 |       0 |       3 | 100.0 |       0 |       2 | 100.0
      Sewer |       0 |       6 | 100.0 |       0 |       5 | 100.0
            +---------+---------+-------+---------+---------+-------
